 Dungeon Crawl Stone Soup version 0.29-a0-330-g52719c12eb (webtiles) character file.

Game seed: 8480891588711636006

3953 inmateoo the Carver (level 10, -20/86 HPs)
             Began as a Minotaur Cinder Acolyte on Apr 23, 2022.
             Was a High Priest of Ignis.
             Demolished by an orc warlord
             ... wielding a +0 battleaxe
              (28 damage)
             ... in a bailey on Apr 28, 2022.
             The game lasted 00:07:13 (7398 turns).

inmateoo the Carver (Minotaur Cinder Acolyte)       Turns: 7398, Time: 00:07:14

Health: -20/86     AC: 10    Str: 27    XL:     10   Next: 2%
Magic:  10/10      EV: 12    Int: 11    God:    Ignis [*****.]
Gold:   513        SH:  4    Dex:  8    Spells: 11/11 levels left

rFire   + . .      SeeInvis .   i - +1 trident (venom)
rCold   + . .      Faith    .   n - +0 buckler
rNeg    + . .      Spirit   .   g - +2 ring mail {rN+}
rPois   .          Reflect  .   (helmet restricted)
rElec   .          Harm     .   y - +1 cloak
rCorr   .          Rampage  .   (no gloves)
Will    .....                   (no boots)
Stlth   ..........              (no amulet)
HPRegen 0.24/turn               t - +6 ring of strength
MPRegen 0.12/turn               s - ring of protection from cold

@: weak-willed, studying Slings
A: horns 2, retaliatory headbutt
a: Renounce Religion, Fiery Armour, Foxfire Swarm, Rising Flame


You were in a bailey.
You worshipped Ignis.
Ignis was extremely pleased with you.
You visited 1 branch of the dungeon, and saw 7 of its levels.
You also visited: Bailey.

You collected 513 gold pieces.

Inventory:

Hand Weapons
 a - a -1 falchion of flaming
 i - a +1 trident of venom (weapon)
Missiles
 c - 3 throwing nets (quivered)
Armour
 g - a +2 ring mail of positive energy (worn)
 n - a +0 buckler (worn)
 y - a +1 cloak (worn)
Jewellery
 s - a ring of protection from cold (right hand)
 t - a +6 ring of strength (left hand)
Wands
 d - a wand of flame (13)
Scrolls
 e - 3 scrolls of enchant armour
 j - 3 scrolls of fog
 m - a scroll of immolation
 u - a scroll of blinking {unknown}
 v - a scroll of magic mapping {unknown}
 w - a scroll of fear {unknown}
 x - a scroll of identify
Potions
 b - 2 potions of curing
 f - a potion of might {unknown}
 h - a potion of brilliance {unknown}
 k - a potion of attraction {unknown}
 o - a potion of flight {unknown}
 p - 3 potions of heal wounds {unknown}


   Skills:
 + Level 7.1 Fighting
 * Level 9.8 Long Blades
 * Level 8.2 Polearms
 + Level 6.0 Armour
 + Level 5.5 Dodging
 + Level 5.4 Shields
 - Level 1.0 Spellcasting
 - Level 2.1 Fire Magic


You had 11 spell levels left.
You didn't know any spells.
Your spell library contained the following spells:

 Spells                   Type           Power      Damage    Failure   Level
 Scorch                   Fire           10%        2d6       36%         2
 Magic Dart               Conj           0%         1d3       52%         1
 Call Imp                 Summ           0%         N/A       65%         2
 Mephitic Cloud           Conj/Pois/Air  0%         N/A       87%         3


Dungeon Overview and Level Annotations

Branches:
Dungeon (7/15)             Temple (0/1) D:5          Bailey (1/1)

Altars:
Ashenzari
Gozag
Kikubaaqudgha
Makhleb
Ru
Yredelemnul

Shops:
D:3 [   D:4 *

Annotations:
D:5 2 transporters, p0werm0de's ghost, novice VSFi


Innate Abilities, Weirdness & Mutations

You have a pair of horns on your head.
You reflexively headbutt those who attack you in melee.


Message History

The orc no longer looks unusually strong. x2
The orc knight roars a battlecry!
The orcs go into a battle-frenzy!
You closely miss the orc. Your headbutt misses the orc.
Your surroundings suddenly seem different. 2 orc warriors, 4 orcs, an orc warlord and a hobgoblin come into view.
The orc warlord is wielding a +0 battleaxe and wearing a +2 plate armour of positive energy.
Found four items.
The orc warrior shouts!
The orc shouts! x2; The orc warlord shouts!
The hobgoblin shouts!
Unknown command.
Unknown command.
As you read the scroll labelled NUGGUV APLAUTZ, it crumbles to dust.
The scroll dissolves into smoke.
It was a scroll of fog.
The orc hits you but does no damage. The orc warlord completely misses you.
You furiously retaliate!
You headbutt the orc warlord!
Unknown command.
As you read the scroll labelled JUNOUQ RAECAW, it crumbles to dust.
The creatures around you are filled with an inner flame!
It was a scroll of immolation.
The hobgoblin barely misses you. You furiously retaliate!
You headbutt the hobgoblin, but do no damage.
The orc closely misses you.
The orc warlord hits you but does no damage.
You block the orc's attack. The orc barely misses you.
Unknown command.
As you read the scroll labelled RUQARIFOPA, it crumbles to dust.
You hear a loud clanging noise!
It was a scroll of noise.
You hear a shout! x11
The hobgoblin closely misses you.
The orc warlord roars a battlecry!
The orcs go into a battle-frenzy!
You block the orc's attack. The orc misses you.
Unknown command.
As you read the scroll labelled SYUCKONYSI, it crumbles to dust.
Magic quickly surges around you.
It was a scroll of vulnerability.
The orc barely misses you.
The orc warlord hits you with a +0 battleaxe!!
You die...

#)))........#...........#
###.).......###.........##
##.#)#.....###.###.....#'#
.....###.###.....###.###.....#
.......###|........### .g)....?#
.)......#$$......§§## ........!?
))......#$$....oo.§.#8.o.......!
..⌠.....#!$....ooo§.+.....⌠....∩
........#$$....o@o§.#8.........!
........#$$....g§§§##8........!?
.......###:....§§§§# .....###
###.....### ##.#+# ###.### ## ##


You could see an orc warlord (inner flame, weak-willed), 2 orc warriors, 4 orcs
and a hobgoblin (inner flame, weak-willed).

Vanquished Creatures
  A two-headed ogre (D:6)
  A kobold demonologist (D:5)
  Grinder (D:3)
  2 acid dragons (D:6)
  3 water moccasins (D:6)
  2 orc warriors (Bailey)
  A black bear (D:4)
  An ice beast (D:6)
  A sky beast (D:6)
  2 ogres (D:6)
  A centaur (D:4)
  2 phantoms (D:6)
  A kobold brigand (D:3)
  3 bullfrogs
  4 necrophages
  3 scorpions
  3 howler monkeys
  A jelly (D:6)
  3 orc priests
  2 gnoll shamans
  3 hounds (D:5)
  An iguana (D:5)
  Terence (D:3)
  3 orc wizards
  24 gnolls
  11 adders
  A shadow imp (D:6)
  4 white imps
  An ufetubus (D:5)
  3 dart slugs
  32 orcs
  7 ball pythons
  3 bats
  6 endoplasms
  3 giant cockroaches
  10 goblins
  8 hobgoblins
  5 jackals
  3 quokkas
  3 frilled lizards
  6 kobolds
  12 rats
188 creatures vanquished.

Vanquished Creatures (others)
  11 foxfires (D:6)
11 creatures vanquished.

Grand Total: 199 creatures vanquished

Notes
Turn   | Place    | Note
-------+----------+-------------------------------------------
     0 | D:1      | inmateoo the Minotaur Cinder Acolyte began the quest for
                  | the Orb.
     0 | D:1      | Reached XP level 1. HP: 19/19 MP: 1/1
    99 | D:1      | Reached skill level 4 in Long Blades
   107 | D:1      | Reached XP level 2. HP: 17/27 MP: 2/2
  1210 | D:2      | Reached XP level 3. HP: 33/33 MP: 3/3
  1217 | D:2      | Found a faded altar of an unknown god.
  1260 | D:2      | Reached skill level 1 in Armour
  1333 | D:2      | Reached skill level 1 in Dodging
  1415 | D:2      | Reached XP level 4. HP: 14/40 MP: 4/4
  2150 | D:3      | Reached skill level 5 in Long Blades
  2405 | D:3      | Found Ujeqatoh's Antique Armour Shop.
  2515 | D:3      | Reached XP level 5. HP: 45/47 MP: 5/5
  2541 | D:3      | Reached skill level 1 in Polearms
  2801 | D:3      | Noticed Terence
  2808 | D:3      | Killed Terence
  2945 | D:3      | Noticed Grinder
  2960 | D:3      | Paralysed by Grinder for 4 turns
  2972 | D:3      | Paralysed by Grinder for 5 turns
  2983 | D:3      | Killed Grinder
  2984 | D:3      | Reached skill level 6 in Long Blades
  2984 | D:3      | Reached skill level 1 in Shields
  2984 | D:3      | Reached XP level 6. HP: 26/55 MP: 6/6
  3217 | D:3      | Reached skill level 5 in Fighting
  3374 | D:3      | Reached XP level 7. HP: 41/61 MP: 7/7
  3539 | D:4      | Found a basalt altar of Yredelemnul.
  3550 | D:4      | Found Elli Elu's Overcharged Wands.
  4098 | D:4      | Found an opulent altar of Gozag.
  4609 | D:4      | Reached skill level 7 in Long Blades
  4649 | D:5      | Entered Level 5 of the Dungeon
  4664 | D:4      | Reached XP level 8. HP: 29/69 MP: 8/8
  5258 | D:5      | Found a transporter.
  5278 | D:5      | Noticed a kobold demonologist
  5285 | D:5      | Killed a kobold demonologist
  5286 | D:5      | Reached skill level 5 in Polearms
  5440 | D:5      | Reached skill level 8 in Long Blades
  5455 | D:5      | Found a sacrificial altar of Ru.
  5528 | D:5      | Noticed p0werm0de's ghost (novice VSFi)
  5556 | D:5      | Found a transporter.
  5578 | D:5      | Found a staircase to the Ecumenical Temple.
  5909 | D:6      | Noticed a two-headed ogre
  5913 | D:6      | Reached XP level 9. HP: 54/75 MP: 9/9
  5923 | D:6      | Killed a two-headed ogre
  5924 | D:6      | Reached skill level 5 in Armour
  5936 | D:6      | Found a broken altar of Ashenzari.
  5937 | D:6      | Reached skill level 9 in Long Blades
  6261 | D:6      | Reached skill level 5 in Dodging
  6388 | D:6      | Reached skill level 5 in Shields
  7192 | D:7      | Found an ancient bone altar of Kikubaaqudgha.
  7194 | D:7      | Found a burning altar of Makhleb.
  7258 | D:7      | Found a flagged portal.
  7277 | Bailey   | Entered a bailey
  7373 | Bailey   | Noticed an orc knight
  7388 | Bailey   | Reached XP level 10. HP: 9/86 MP: 10/10
  7394 | Bailey   | Noticed an orc warlord
  7398 | Bailey   | Demolished by an orc warlord

Illustrated notes

Levels and vault maps discovered:
D:1:      saegor_arrival_simple_d, layout_rooms, minmay_tetromino_l2
D:2:      layout_loops_ring, nicolae_ecumenical_lake_church
D:3:      layout_basic, serial_shops, shop, uniq_grinder, uniq_terence
D:4:      layout_cave_pods, yredelemnul_altar_generic, grunt_gozag_statues,
          nicolae_shop_overcharged_wands
D:5:      minmay_spotlight, layout_cave_pools, nicolae_overflow_crystal_walls,
          minmay_temple_entry_statues_fountains, gammafunk_ghost_hive,
          minivault_11, grunt_ministairs_7, chequers_serial_rivers_micro_e,
          minmay_manual_mail
D:6:      cheibrodos_fzero, layout_cave_pools, ashenzari_conservatory_becter,
          chequers_serial_rivers_room_b, skrybe_limestone_x
D:7:      cheibrodos_barr_body, layout_loops_ring, minitemple,
          lemuel_crystal_altar, lightli_bailey_entry_fortress
Bailey:   bailey_axe_minmay_hex_keep, bailey

Skill      XL: |  1  2  3  4  5  6  7  8  9 |
---------------+----------------------------+-----
Long Blades    | 4 5 6 7 8 9 |  9.8
Fighting       | 4 5 6 7 |  7.1
Armour         | 1 2 3 4 6 |  6.0
Dodging        | 1 2 3 4 5 |  5.5
Polearms       | 2 3 4 6 8 |  8.2
Shields        | 1 2 4 5 |  5.4
Spellcasting   | |  1.0
Fire Magic     | |  2.1

Action                   |  1- 3 |  4- 6 |  7- 9 | 10-12 || total
-------------------------+-------+-------+-------+-------++-------
Melee: Falchion          |    84 |    31 |       |       ||   115
       Headbutt          |    16 |    16 |    48 |       ||    80
       Punch             |     2 |       |       |       ||     2
       Trident           |       |    93 |   335 |     1 ||   429
Throw: Throwing net      |       |     1 |     1 |       ||     2
Invok: Foxfire Swarm     |       |       |     1 |       ||     1
Evoke: Wand              |       |       |     6 |       ||     6
  Use: Scroll            |     4 |       |     3 |     5 ||    12
       Potion            |       |       |     1 |       ||     1
 Stab: Held in net/web   |       |       |     2 |       ||     2
       Invisible         |       |       |     1 |       ||     1
Armor: Robe              |    14 |       |       |       ||    14
       Chain mail        |     8 |       |       |       ||     8
       Ring mail         |     3 |    48 |   100 |     2 ||   153
Dodge: Dodged            |    54 |    60 |   161 |     9 ||   284
Block: Buckler           |       |    10 |    46 |     2 ||    58

Table legend: (Time is in decaauts)
 A = Elapsed time spent in this place.
 B = Non-inter-level travel time spent in this place.
 C = Inter-level travel time spent in this place.
 D = Time resting spent in this place.
 E = Time spent auto-exploring this place.
 F = Levels seen in this place.
 G = Mean time per level.
                   A        B        C        D        E       F      G
               +--------+--------+--------+--------+--------+-----+--------+
         Total |   7458 |   7298 |    160 |   3115 |   2817 |   8 |  932.2 |
       Dungeon |   7340 |   7180 |    160 |   3115 |   2774 |   7 | 1048.6 |
        Bailey |    118 |    118 |      0 |      0 |     43 |   1 |  118.0 |
               +--------+--------+--------+--------+--------+-----+--------+

Top non-repeatable levels by time:
     D:4: 1741 daAuts
     D:3: 1335 daAuts
     D:6: 1326 daAuts
     D:2: 1121 daAuts
     D:1: 1046 daAuts
     D:5: 668 daAuts
  Bailey: 118 daAuts
     D:7: 101 daAuts
